 Dungeon Crawl Stone Soup version 0.32-a0-913-g739538afd8 (webtiles) character file.

Game seed: 6790993907590148379

177161 Biggs the Marksgoblin (level 17, -2/130 (140) HPs)
             Began as a Coglin Hunter on Apr 7, 2024.
             Was the Champion of Okawaru.
             Slain by a spectral spriggan berserker (13 damage)
             ... called from beyond by a ghost crab
             ... on level 1 of the Swamp.
             The game lasted 00:49:36 (20850 turns).

Biggs the Marksgoblin (Coglin Hunter)              Turns: 20850, Time: 00:49:36

HP:   -2/130 (140)  AC: 13    Str: 13    XL:     17   Next: 85%
MP:   23/23         EV: 18    Int: 14    God:    Okawaru [******]
Gold: 146           SH:  0    Dex: 23    Spells: 16/16 levels left

rFire   . . .        E - +2 hand cannon (freeze) {José}
rCold   . . .        a - +7 sling (flame) {Fernanda}
rNeg    + . .        q - +3 troll leather armour {Pargi}
rPois   +            B - +0 helmet
rElec   +            U - +1 cloak of Imperfection {rN+}
rCorr   +            h - +0 pair of gloves of the Sun {Int+4 Slay+2}
SInv    .            e - +2 pair of boots
Will    +....        (amulet unavailable)
Stlth   ++           (ring unavailable)
HPRegen 1.21/turn    (ring unavailable)
MPRegen 0.18/turn    F - neodynamo N-10 {rElec rPois rCorr Clar RMsl}

%: repel missiles, clarity
@: drained, revved
A: off-hand wielding, slow wielding, warmup strikes, no jewellery
}: 1/15 runes: serpentine
a: Renounce Religion, Heroism, Finesse, Duel


You were on level 1 of the Swamp.
You worshipped Okawaru.
Okawaru was exalted by your worship.
You visited 6 branches of the dungeon, and saw 25 of its levels.
You also visited: Bailey.

You collected 2609 gold pieces.
You spent 2463 gold pieces at shops.

Inventory:

Hand Weapons
 a - a +7 sling of flaming (offhand) {Fernanda}
 d - a +0 sling {Marisol}
 f - a +1 antimagic sling {Jinae}
 E - a +2 hand cannon of freezing (weapon) {José}
Armour
 c - the +0 pair of gloves of the gadgeteer {Gadgeteer Wandboost ^Fragile}
   (You bought it in a shop on level 2 of the Orcish Mines)

   Gadgeteer: Your evocable items recharge 30% faster and wands have a 30%
   chance to not spend a charge.
   Wandboost: Your wands are more powerful.
   ^Fragile:  It will be destroyed if unequipped.
 e - a +2 pair of boots (worn)
 h - the +0 pair of gloves of the Sun (worn) {Int+4 Slay+2}
   (Okawaru gifted it to you on level 1 of the Lair of Beasts)

   Int+4:     It affects your intelligence (+4).
   Slay+2:    It affects your accuracy & damage with ranged weapons and melee
   (+2).
 q - a +3 troll leather armour (worn) {Pargi}
 B - a +0 helmet (worn)
 G - the +2 leather armour of Day {rF+ rCorr Dex+3}
   (You found it in a bailey)

   Dex+3:     It affects your dexterity (+3).
   rF+:       It protects you from fire.
   rCorr:     It protects you from acid and corrosion.
 P - a +2 cloak of poison resistance
 U - the +1 cloak of Imperfection (worn) {rN+}
   (You bought it in a shop on level 2 of the Snake Pit)

   rN+:       It protects you from negative energy.
Gizmo
 F - a neodynamo N-10 (installed) {rElec rPois rCorr Clar RMsl}
   (You invented it yourself on level 4 of the Lair of Beasts)

   [neodynamo N-10]

   rElec:     It insulates you from electricity.
   rPois:     It protects you from poison.
   Clar:      It protects you from confusion, rage, mesmerisation and fear.
   RMsl:      It protects you from missiles.
   rCorr:     It protects you from acid and corrosion.
Wands
 g - a wand of flame (32)
 n - a wand of mindburst (5)
 s - a wand of light (17)
 t - a wand of roots (15)
 x - a wand of digging (8)
 T - a wand of polymorph (1)
Scrolls
 b - 3 scrolls of butterflies
 i - 3 scrolls of amnesia
 l - 4 scrolls of fog
 r - 7 scrolls of vulnerability
 u - 5 scrolls of blinking
 v - 4 scrolls of brand weapon
 y - 3 scrolls of identify
 I - 2 scrolls of noise
 J - 2 scrolls of teleportation
 K - 5 scrolls of silence
 O - 2 scrolls of enchant armour
 Q - a scroll of poison
 S - 2 scrolls of revelation
Potions
 j - 2 potions of haste
 k - 3 potions of enlightenment {unknown}
 m - 3 potions of curing
 o - a potion of resistance {unknown}
 p - 4 potions of attraction {unknown}
 w - 3 potions of magic {unknown}
 z - 7 potions of brilliance {unknown}
 A - 2 potions of might {unknown}
 C - 4 potions of ambrosia {unknown}
 D - 2 potions of berserk rage {unknown}
 H - 4 potions of mutation {unknown}
 M - a potion of invisibility {unknown}
 N - a potion of lignification {unknown}
 R - 2 potions of cancellation {unknown}
Miscellaneous
 L - a Gell's gravitambourine (2/2)


   Skills:
 - Level 14.7 Fighting
 - Level 18.0 Ranged Weapons
 - Level 9.3 Dodging
 - Level 0.7 Stealth
 - Level 8.0 Invocations
 - Level 9.0 Evocations
 + Level 11.7 Shapeshifting


You had 16 spell levels left.
You didn't know any spells.
Your spell library contained the following spells:

 Spells                   Type           Power      Damage    Failure   Level
 Foxfire                  Conj/Fire      0%         2x1d4     36%         1
 Necrotise                Necr           0%         1d4       36%         1
 Shock                    Conj/Air       0%         1d3       36%         1
 Slow                     Hex            0%         N/A       36%         1
 Ensorcelled Hibernation  Hex/Ice        0%         N/A       50%         2
 Sublimation of Blood     Necr           0%         N/A       50%         2
 Confusing Touch          Hex            0%         N/A       73%         3
 Passwall                 Erth           0%         N/A       73%         3
 Swiftness                Air            0%         N/A       73%         3
 Vampiric Draining        Necr           0%         2d6       73%         3
 Volatile Blastmotes      Fire/Tloc      0%         2d10      73%         3
 Airstrike                Air            0%         2d(0-16)  98%         4
 Cause Fear               Hex            0%         N/A       98%         4
 Flame Wave               Conj/Fire      0%         2d4       98%         4
 Alistair's Intoxication  Alch           0%         N/A       100%        5
 Borgnjor's Vile Clutch   Necr/Erth      0%         N/A       100%        5
 Curse of Agony           Necr           0%         N/A       100%        5
 Fireball                 Conj/Fire      0%         3d3       100%        5
 Freezing Cloud           Conj/Ice/Air   0%         6-21      100%        5
 Eringya's Noxious Bog    Alch           0%         4d6       100%        6
 Plasma Beam              Fire/Air       0%         2x1d10    100%        6
 Starburst                Conj/Fire      0%         6d3       100%        6
 Ignition                 Fire           0%         3d3       100%        8
 Call Imp                 Summ           Unusable   N/A       N/A         2
 Martyr's Knell           Necr/Summ      Unusable   N/A       N/A         4
 Summon Hydra             Summ           Unusable   N/A       N/A         7
 Dragon's Call            Summ           Unusable   N/A       N/A         9

Dungeon Overview and Level Annotations

Branches:
Dungeon (12/15)            Temple (1/1) D:7            Lair (5/5) D:9
  Swamp (1/4) Lair:2        Snake (4/4) Lair:2        Slime (0/5) Lair:5
    Orc (2/2) D:9             Elf (0/3) Orc:2        Bailey (visited)

Altars:
Ashenzari
Cheibriados
Dithmenos
Elyvilon
Fedhas
Gozag
Hepliaklqana
Kikubaaqudgha
Makhleb
Nemelex Xobeh
Okawaru
Qazlal
Ru
Sif Muna
Trog
Uskayaw
Vehumet
Wu Jian
Xom
Yredelemnul
Zin
The Shining One
Beogh
Lugonu

Shops:
D:1 [   D:2 [   D:6 *   Orc:2 :(*[   Snake:1 [:?[   Snake:2 [=[:==([
Snake:3 *?

Annotations:
D:9 3 runed translucent doors, GiantSquids's ghost, novice CoHu
Lair:2 1 runed translucent door, DrFunkyFeet's ghost, journeyman KoAr


Innate Abilities, Weirdness & Mutations

You can wield a second weapon in your off-hand.
It takes a long time for you to wield or remove held weapons.
Your first few attacks do less damage.
You cannot equip rings or amulets.


Message History

Unknown command.
Unknown command.
You shoot a slug.
The slug closely misses the spectral spriggan berserker.
You shoot a sling bullet.
The sling bullet hits the spectral spriggan berserker.
The sling bullet burns the spectral spriggan berserker.
The spectral spriggan berserker is heavily damaged.
The spectral fenstrider witch hits you but does no damage.
The spectral fenstrider witch misses you.
The spectral fenstrider witch hits you!
* * * LOW HITPOINT WARNING * * *
You partially resist.
You feel drained.
The spectral fenstrider witch closely misses you.
Unknown command.
Unknown command.
Unknown command.
Unknown command.
Unknown command.
The spectral spriggan berserker fades away! x2
The spectral fenstrider witch hits you!
* * * LOW HITPOINT WARNING * * *
You partially resist.
You feel drained.
* * * LOW HITPOINT WARNING * * *
The spectral fenstrider witch kicks you but does no damage.
The spectral spriggan berserker misses you.
The spectral death drake barely misses you.
The spectral fenstrider witch hits you but does no damage.
The spectral fenstrider witch barely misses you.
Unknown command.
Unknown command.
The spectral fenstrider witch attacks as it pursues you!
The spectral fenstrider witch hits you!
* * * LOW HITPOINT WARNING * * *
The spectral fenstrider witch kicks you.
* * * LOW HITPOINT WARNING * * *
You partially resist.
You feel drained.
* * * LOW HITPOINT WARNING * * *
The spectral spriggan berserker hits you!
You die...

♣♣♣♣♣♣ ♣♣...♣♣ ♣
♣..§~♣♣♣.~~~.♣ ..
♣.....[~~~~~~♣ ..~
♣~~~..~~~~~~.♣ .~~~
♣♣.~..~~~~~~.♣ .~~Z°
♣....~~..~~~♣♣ ♣.~~~°♣♣♣♣
♣♣>...~~..~~~.♣
~~~~~~Z.Z♣♣♣.~~...~......♣
.~~~Z○ZZZ@[♣.~~~..~~~~~~..
~.~°t~~~Z....~~~..~~~~~~§~
..~~~°○~Z§.~♣~~~..~~~...~~
..♣♣~Z§~....~......~......
~ .....°........~.~~~.....
~~...~.....~~§~~§~~~~~~..
~......~~~..~~~.~~~~~~..♣
.♣♣.....~~..~~~......♣♣♣♣
.~~~~~~~~.~.~♣♣..~.§♣


You could see a ghost crab, 3 spectral death drakes, a spectral spriggan
berserker (summoned), 2 spectral spriggan air magi and 4 spectral fenstrider
witches.

Vanquished Creatures
  Aizul (Snake:1)
  Donald (Snake:1)
  2 nagarajas (Snake:4)
  3 orc warlords
  Nessos (Orc:2)
  A hydra (Lair:3)
  6 salamander tyrants (Snake:4)
  3 catoblepae (Lair:5)
  3 two-headed ogres
  2 boulder beetles (D:12)
  6 anacondas
  10 death yaks
  3 shock serpents
  13 naga sharpshooters
  7 orc high priests (Orc:2)
  17 naga warriors
  7 salamander mystics
  2 skysharks
  Pikel (D:6)
  7 mana vipers
  6 naga ritualists
  3 orc knights (Orc:2)
  An obsidian bat (Orc:1)
  An oklob plant (Lair:3)
  An ugly thing (D:11)
  6 orc sorcerers
  2 cyclopes (D:12)
  3 manticores
  15 salamanders
  22 elephants
  21 naga magi
  3 guardian serpents (Snake:4)
  7 cane toads
  2 torpor snails
  29 black mambas
  An unseen horror (D:10)
  2 gargoyles
  A kobold demonologist (D:12)
  An unseen horror (shapeshifter) (D:12)
  2 rime drakes
  6 komodo dragons
  7 trolls
  A hornet (D:10)
  A polar bear (Lair:5)
  12 dream sheep (Lair:4)
  24 blink frogs
  67 yaks
  10 wyverns
  5 wraiths
  A shadow (D:12)
  A vampire (D:11)
  A water elemental (D:11)
  A fire bat (D:8)
  2 basilisks
  5 wargs
  6 vampire mosquitoes
  41 nagas
  6 swamp worms
  5 acid dragons
  18 water moccasins
  Pargi (D:3)
  3 black bears
  An ice beast (D:8)
  35 orc warriors
  A sky beast (D:7)
  6 ogres
  25 wolves
  4 lemures (D:6)
  9 centaurs
  3 phantoms
  3 kobold brigands
  12 bullfrogs
  A gnoll sergeant (D:8)
  3 scorpions
  29 wights
  17 killer bees
  9 electric eels
  4 howler monkeys
  2 bombardier beetles
  5 centaur zombies (D:9)
  17 orc priests
  6 jellies
  5 hounds
  2 sleepcaps
  2 iguanas
  29 orc wizards
  4 howler monkey zombies (D:9)
  4 gnolls (D:8)
  9 adders
  A white imp (D:8)
  2 ribbon worms
  2 dart slugs
  82 orcs
  5 bats
  7 endoplasms
  4 giant cockroaches
  12 goblins
  16 hobgoblins
  8 jackals
  5 quokkas
  3 ball pythons
  3 frilled lizards (D:2)
  35 kobolds
  6 rats
887 creatures vanquished.

Notes
Turn   | Place    | Note
-------+----------+-------------------------------------------
     0 | D:1      | Biggs the Coglin Hunter began the quest for the Orb.
     0 | D:1      | Reached XP level 1. HP: 16/16 MP: 1/1
   101 | D:1      | Found Esaicil's Armour Shoppe.
   104 | D:1      | Reached skill level 4 in Ranged Weapons
   104 | D:1      | Reached XP level 2. HP: 22/22 MP: 2/2
   542 | D:2      | Reached XP level 3. HP: 27/27 MP: 3/3
   583 | D:2      | Reached skill level 5 in Ranged Weapons
   583 | D:2      | Reached XP level 4. HP: 29/33 MP: 4/4
   684 | D:2      | Found Halu's Antique Armour Emporium.
  1251 | D:3      | Reached XP level 5. HP: 38/38 MP: 5/5
  1332 | D:3      | Found a stormy altar of Qazlal.
  1686 | D:3      | Noticed Pargi
  1697 | D:3      | Killed Pargi
  1698 | D:3      | Reached skill level 6 in Ranged Weapons
  1698 | D:3      | Reached XP level 6. HP: 13/44 MP: 6/6
  1966 | D:4      | Noticed a black bear
  1974 | D:4      | Killed a black bear
  1975 | D:4      | Reached skill level 7 in Ranged Weapons
  2101 | D:4      | Reached XP level 7. HP: 34/50 MP: 7/7
  2225 | D:4      | Found a glowing silver altar of Zin.
  2521 | D:5      | Entered Level 5 of the Dungeon
  2552 | D:5      | Reached skill level 8 in Ranged Weapons
  2920 | D:5      | Reached XP level 8. HP: 53/56 MP: 8/8
  2947 | D:5      | Found a hide-covered altar of Uskayaw.
  3504 | D:6      | Reached skill level 5 in Evocations
  3646 | D:6      | Noticed Pikel
  3721 | D:6      | Killed Pikel
  3804 | D:6      | Reached XP level 9. HP: 61/61 MP: 9/9
  3838 | D:6      | Reached skill level 9 in Ranged Weapons
  3871 | D:6      | Found Kain Bar's Assorted Antiques.
  3888 | D:6      | Bought a scroll labelled CAGOALOIJANT for 28 gold pieces
  3888 | D:6      | Bought a glowing sling for 126 gold pieces
  3888 | D:6      | Bought an inky potion for 25 gold pieces
  3888 | D:6      | Bought a wooden wand for 112 gold pieces
  4289 | D:6      | Found a broken altar of Ashenzari.
  4492 | D:7      | Reached skill level 5 in Fighting
  4548 | D:7      | Found a staircase to the Ecumenical Temple.
  4567 | Temple   | Entered the Ecumenical Temple
  4580 | Temple   | Became a worshipper of Warmaster Okawaru
  5297 | D:8      | Reached * piety under Okawaru
  5304 | D:8      | Reached XP level 10. HP: 19/74 MP: 3/10
  5308 | D:8      | Reached skill level 10 in Ranged Weapons
  5548 | D:8      | Found a shimmering altar of Xom.
  5578 | D:8      | Reached ** piety under Okawaru
  5667 | D:8      | Reached skill level 11 in Ranged Weapons
  5855 | D:8      | Found a flagged portal.
  5860 | Bailey   | Entered a bailey
  5870 | Bailey   | Noticed an orc warlord
  5911 | Bailey   | Reached *** piety under Okawaru
  5912 | Bailey   | Reached skill level 12 in Ranged Weapons
  5931 | Bailey   | Found a runed translucent gate.
  5934 | Bailey   | Found a runed translucent gate.
  5936 | Bailey   | Found a runed translucent gate.
  6062 | Bailey   | Killed an orc warlord
  6063 | Bailey   | Reached XP level 11. HP: 23/79 MP: 3/11
  6120 | Bailey   | Identified the +2 leather armour of Day {rF+ rCorr Dex+3}
  6130 | Bailey   | Got the Commentary on Flammable Aeromancy
  6449 | D:9      | Found a staircase to the Orcish Mines.
  6540 | D:9      | Reached skill level 13 in Ranged Weapons
  6591 | D:9      | Found a staircase to the Lair.
  6603 | D:9      | Reached **** piety under Okawaru
  6763 | D:9      | Found a snail-covered altar of Cheibriados.
  6766 | D:9      | Found a runed translucent gate.
  6774 | D:9      | Found a runed translucent gate.
  6774 | D:9      | Found a runed translucent gate.
  6778 | D:9      | Noticed GiantSquids's ghost (novice CoHu)
  6833 | D:9      | Found a bloodstained altar of Trog.
  7040 | D:9      | Found a basalt altar of Yredelemnul.
  7070 | D:9      | Found an ornate altar of the Wu Jian Council.
  7180 | Lair:1   | Entered Level 1 of the Lair of Beasts
  7196 | D:9      | Reached skill level 14 in Ranged Weapons
  7345 | D:9      | Reached ***** piety under Okawaru
  7489 | Lair:1   | Identified the +1 battleaxe of Iduan {pain, *Rage +Blink
                  | rF++}
  7771 | Lair:1   | Reached XP level 12. HP: 82/94 MP: 4/12
  7783 | Lair:1   | Received a gift from Okawaru
  7994 | Lair:1   | Reached skill level 10 in Fighting
  8322 | Lair:2   | Reached skill level 5 in Dodging
  8348 | Lair:2   | Noticed a skyshark
  8690 | Lair:2   | Reached ****** piety under Okawaru
  8726 | Lair:2   | Received a gift from Okawaru
  8740 | Lair:2   | Found a staircase to the Swamp.
  8813 | Lair:1   | Acquired the +0 pair of gloves of the Sun {Int+4 Slay+2}
  8813 | Lair:1   | Received a gift from Okawaru
  8820 | Lair:1   | Acquired a +2 hand cannon of freezing
  8820 | Lair:1   | Received a gift from Okawaru
  8958 | Lair:2   | Killed a skyshark
  9156 | Lair:2   | Found a staircase to the Snake Pit.
  9373 | Lair:2   | Found a runed translucent door.
  9375 | Lair:2   | Noticed DrFunkyFeet's ghost (journeyman KoAr)
  9376 | Lair:2   | Noticed a skyshark
  9466 | Lair:2   | Reached XP level 13. HP: 88/103 MP: 13/13
  9870 | Lair:3   | Received a gift from Okawaru
  9906 | Lair:3   | Reached skill level 15 in Ranged Weapons
 10459 | Lair:4   | HP: 4/103 [elephant (2)]
 10613 | Lair:4   | Reached skill level 16 in Ranged Weapons
 10613 | Lair:4   | Reached XP level 14. HP: 110/110 MP: 14/14
 10614 | Lair:4   | Acquired a neodynamo N-10 {rElec rPois rCorr Clar RMsl}
 10678 | Lair:4   | Reached skill level 17 in Ranged Weapons
 10701 | Lair:4   | Found a glowing silver altar of Zin.
 10706 | Lair:4   | Received a gift from Okawaru
 11326 | Lair:5   | Entered Level 5 of the Lair of Beasts
 11411 | Lair:5   | Received a gift from Okawaru
 11416 | Lair:5   | Reached skill level 18 in Ranged Weapons
 11644 | Lair:5   | Reached XP level 15. HP: 116/117 MP: 15/15
 11701 | Lair:5   | Found a staircase to the Slime Pits.
 12026 | Lair:5   | Received a gift from Okawaru
 12606 | D:10     | Entered Level 10 of the Dungeon
 12610 | D:10     | Found a white marble altar of Elyvilon.
 12684 | D:10     | Found a burning altar of Makhleb.
 12940 | D:10     | Found a blossoming altar of Fedhas.
 13200 | D:10     | Reached skill level 1 in Invocations
 13342 | D:10     | Found a hazy altar of Hepliaklqana.
 13348 | D:10     | Found a radiant altar of Vehumet.
 13351 | D:10     | Found a shadowy altar of Dithmenos.
 13554 | D:11     | Received a gift from Okawaru
 14143 | D:12     | Identified the +5 battleaxe of Yfufutim {elec, rElec rF+}
 14419 | D:12     | Reached skill level 5 in Invocations
 14423 | D:12     | Identified the +8 chain mail "Cucvamikk" {Regen+}
 14947 | Orc:1    | Entered Level 1 of the Orcish Mines
 15116 | Orc:2    | Entered Level 2 of the Orcish Mines
 15116 | Orc:2    | Noticed an orc warlord
 15250 | Orc:2    | Killed an orc warlord
 15361 | Orc:1    | Received a gift from Okawaru
 15804 | Orc:2    | Reached XP level 16. HP: 131/131 MP: 21/21
 15811 | Orc:2    | Found a roughly hewn altar of Beogh.
 15879 | Orc:2    | Found a staircase to the Elven Halls.
 16070 | Orc:2    | Noticed Nessos
 16085 | Orc:2    | Killed Nessos
 16085 | Orc:2    | Received a gift from Okawaru
 16159 | Orc:2    | Found Obbi Piroce's Antique Armour Emporium.
 16160 | Orc:2    | Found Yzaxos's Antique Weapon Emporium.
 16162 | Orc:2    | Found Qorphigh's General Store.
 16162 | Orc:2    | Found Erhapn's Book Shoppe.
 16178 | Orc:2    | Bought 2 scrolls of brand weapon for 247 gold pieces
 16178 | Orc:2    | Bought a wand of roots (5) for 156 gold pieces
 16178 | Orc:2    | Bought a potion of curing for 39 gold pieces
 16178 | Orc:2    | Bought the +0 pair of gloves of the gadgeteer {Gadgeteer
                  | Wandboost ^Fragile} for 520 gold pieces
 16178 | Orc:2    | Found the +0 pair of gloves of the gadgeteer {Gadgeteer
                  | Wandboost ^Fragile}
 16405 | Snake:1  | Entered Level 1 of the Snake Pit
 16533 | Snake:1  | Found Tiejyno's Magic Scroll Shop.
 16533 | Snake:1  | Found Ugikoy's Book Boutique.
 16534 | Snake:1  | Found Varihio's Antique Armour Shop.
 16536 | Snake:1  | Found Luluer's Antique Armour Boutique.
 16541 | Snake:1  | Bought a scroll of identify for 22 gold pieces
 16541 | Snake:1  | Bought a scroll of identify for 22 gold pieces
 16541 | Snake:1  | Bought a scroll of blinking for 82 gold pieces
 16550 | Snake:1  | Bought a heavily runed ring mail for 369 gold pieces
 16550 | Snake:1  | Identified the +3 ring mail of Rationality {-Cast rF+
                  | Regen+ Str+6 Dex+2} (You bought it in a shop on level 1 of
                  | the Snake Pit)
 16693 | Snake:1  | Noticed Donald
 16702 | Snake:1  | Killed Donald
 16869 | Snake:1  | Identified the serpent talisman "Xisa" {rElec}
 16869 | Snake:1  | Noticed Aizul
 16880 | Snake:1  | Killed Aizul
 16954 | Snake:2  | Found Ilian's Jewellery Boutique.
 17036 | Snake:2  | Found Weick's Book Boutique.
 17038 | Snake:2  | Found Tigh's Armour Shop.
 17041 | Snake:2  | Found Boavaecu's Jewellery Boutique.
 17048 | Snake:2  | Bought a +2 cloak of poison resistance for 333 gold pieces
 17059 | Snake:2  | Reached skill level 1 in Shapeshifting
 17099 | Snake:2  | Received a gift from Okawaru
 17120 | Snake:2  | Found Abezig's Jewellery Shoppe.
 17139 | Snake:2  | Found Uguusede's Armour Boutique.
 17422 | Snake:2  | Reached skill level 5 in Shapeshifting
 17452 | Snake:2  | Found Maci's Antique Weapon Boutique.
 17719 | Snake:2  | Found Bueklug's Antique Armour Shoppe.
 18101 | Snake:3  | Found Fowui's Magic Scroll Boutique.
 18362 | Snake:3  | Reached XP level 17. HP: 47/140 MP: 23/23
 18529 | Snake:3  | Received a gift from Okawaru
 18803 | Snake:3  | Found Olasiw's Assorted Antiques.
 18811 | Snake:3  | Bought a scroll labelled QAPODA UL VINU for 40 gold pieces
 18969 | Snake:4  | Entered Level 4 of the Snake Pit
 19247 | Snake:4  | HP: 3/140 [salamander tyrant/flame surge (44)]
 19633 | Snake:4  | Received a gift from Okawaru
 19660 | Snake:4  | Reached skill level 10 in Shapeshifting
 19804 | Snake:4  | Identified the +0 plate armour of Pandemonium {rF- Will+
                  | Slay+3 SInv}
 19805 | Snake:4  | Identified the +1 plate armour of Hazisem {rPois rF+}
 20192 | Snake:4  | Received a gift from Okawaru
 20330 | Snake:4  | Got a serpentine rune of Zot
 20674 | Snake:2  | Bought a scorched cloak for 342 gold pieces
 20674 | Snake:2  | Identified the +1 cloak of Imperfection {rN+} (You bought
                  | it in a shop on level 2 of the Snake Pit)
 20782 | Swamp:1  | Entered Level 1 of the Swamp
 20850 | Swamp:1  | Slain by a spectral spriggan berserker

Illustrated notes

Levels and vault maps discovered:
D:1:      minmay_arrival_diagonal_passages, layout_basic, serial_shops, shop
D:2:      layout_loops_cross, serial_shops, nicolae_shop_gibbet_a_chance,
          st_stairs_5, eino_tiny_chamber
D:3:      layout_rooms, lemuel_coloured_pillars_altar, uniq_pargi
D:4:      layout_rooms, zin_treasury, minmay_distorted
D:5:      layout_loops_corners, mainiacjoe_overflow_paths
D:6:      layout_basic, ashenzari_altar_1, serial_shops, shop, uniq_pikel
D:7:      layout_cave_pods, minmay_temple_entry_slanted
D:8:      layout_rooms, regret_index_xom_of_box, enter_bailey_3,
          grunt_ministairs_6
D:9:      layout_irregular_city, nzn_wu_jian_contemplation,
          mainiacjoe_overflow_alcove_1, kennysheep_mini_moat,
          mainiacjoe_overflow_alcove_2, minmay_lair_entry_grove, serial_undead,
          serial_undead_f, serial_undead_f, serial_undead_a, serial_undead_c,
          serial_undead_d, serial_undead_b, gammafunk_ghost_ooze
D:10:     minmay_thinvault, layout_stronghold, lemuel_doored_altar,
          mainiacjoe_overflow_catwalk, amcnicky_altar_gilded,
          minmay_overflow_temple_star_quad, minmay_misc_feat_plants,
          kennysheep_generic_room_13
D:11:     layout_basic, lemuel_old_faithful
D:12:     layout_long_grid, hangedman_corner_corridor
Temple:   corrupted_temple
Lair:1:   beast_lair_carwin_large_1, layout_cave_pods,
          grunt_forest_large_clearings
Lair:2:   layout_small_grid, minmay_swamp_entry_worms,
          guppyfry_snake_entry_garden, ebering_ghost_inner_flame, minivault_26,
          dreamdust_mushroom_princess
Lair:3:   layout_roguey
Lair:4:   layout_gridlike, basic_altar, chequers_serial_rivers_micro_e,
          grunt_forest_stairs_basic, grunt_megastairs_2
Lair:5:   evilmike_catoblepas_cave, layout_regular_city,
          minmay_slime_entry_pillars
Swamp:1:  layout_basic_swamp, evilmike_swamp_ruin_house_2,
          nicolae_swamp_no_escape, uniq_kirke
Snake:1:  layout_chambers, minmay_shoptagon, grunt_megastairs_5, uniq_louise,
          uniq_aizul, uniq_donald
Snake:2:  layout_cave_pods, serial_shops, shop, nicolae_shop_tiny_glass,
          nicolae_shop_tiny_glass, nicolae_shop_trees,
          nicolae_shop_tiny_statue_garden, nicolae_coiled_stairwell_down,
          minmay_shop_star
Snake:3:  layout_cave_town, serial_shops, nicolae_shop_trees,
          nicolae_take_the_stairs, st_stairs_10
Snake:4:  snake_pit, layout_onion_interference, nicolae_snake_storage_room,
          serial_bayou_shore_b, lemuel_fruit_tree
Orc:1:    layout_caves
Orc:2:    st_orc_congregation, layout_caves, nicolae_orc_seminary, uniq_nessos

Skill      XL: |  1  2  3  4  5  6  7  8  9 10 11 12 13 14 15 16 17 |
---------------+----------------------------------------------------+-----
Ranged Weapons | 4 5 6 7 8 9 12 14 16 18 | 18.0
Evocations     | 2 9 |  9.0
Fighting       | 5 8 10 13 14 | 14.7
Dodging        | 4 9 |  9.3
Invocations    | 7 8 |  8.0
Shapeshifting  | 7 11 | 11.7
Stealth        | |  0.7

Action                     |  1- 3 |  4- 6 |  7- 9 | 10-12 | 13-15 | 16-18 || total
---------------------------+-------+-------+-------+-------+-------+-------++-------
  Melee: Sling             |       |       |     2 |       |       |       ||     2
   Fire: Sling             |    92 |   274 |   654 |  1446 |   717 |   679 ||  3862
         Hand cannon       |       |       |       |    62 |   717 |   679 ||  1458
 Invoke: Receive Weapon    |       |       |       |     1 |       |       ||     1
         Receive Armour    |       |       |       |     1 |       |       ||     1
         Finesse           |       |       |       |       |       |     5 ||     5
Ability: Invent Gizmo      |       |       |       |       |     1 |       ||     1
  Evoke: Wand              |       |     1 |     4 |    20 |       |       ||    25
         Gell's gravitambo |       |       |       |       |     1 |       ||     1
    Use: Potion            |       |       |     5 |     1 |     2 |     1 ||     9
         Scroll            |       |       |    12 |    12 |     5 |     8 ||    37
 Armour: Leather armour    |     1 |    33 |       |       |       |       ||    34
         Troll leather arm |       |     5 |   127 |   312 |   235 |   148 ||   827
  Dodge: Dodged            |     2 |    42 |    89 |   288 |   320 |   144 ||   885
         Repelled          |       |       |       |       |    15 |    58 ||    73

Table legend: (Time is in decaauts)
 A = Elapsed time spent in this place.
 B = Non-inter-level travel time spent in this place.
 C = Inter-level travel time spent in this place.
 D = Time resting spent in this place.
 E = Time spent auto-exploring this place.
 F = Levels seen in this place.
 G = Mean time per level.
                   A        B        C        D        E       F      G
               +--------+--------+--------+--------+--------+-----+--------+
         Total |  20593 |  19088 |   1505 |    657 |  14494 |  26 |  792.0 |
       Dungeon |   9407 |   8960 |    447 |    201 |   6957 |  12 |  783.9 |
        Temple |     26 |      2 |     24 |      0 |      0 |   1 |   26.0 |
          Lair |   5314 |   4763 |    551 |    280 |   3467 |   5 | 1062.8 |
         Swamp |     70 |     70 |      0 |      0 |     47 |   1 |   70.0 |
     Snake Pit |   4189 |   3749 |    440 |     39 |   3021 |   4 | 1047.2 |
  Orcish Mines |   1303 |   1261 |     42 |     88 |    871 |   2 |  651.5 |
        Bailey |    280 |    280 |      0 |     49 |    130 |   1 |  280.0 |
               +--------+--------+--------+--------+--------+-----+--------+

Top non-repeatable levels by time:
 Snake:4: 1407 daAuts
  Lair:1: 1262 daAuts
 Snake:2: 1244 daAuts
  Lair:5: 1150 daAuts
  Lair:2: 1082 daAuts
     D:9: 1000 daAuts
     D:7: 961 daAuts
  Lair:3: 956 daAuts
     D:5: 933 daAuts
 Snake:3: 933 daAuts
     D:6: 880 daAuts
  Lair:4: 863 daAuts
    D:10: 835 daAuts
   Orc:2: 804 daAuts
     D:3: 790 daAuts
